 Dungeon Crawl Stone Soup version 0.27.1-33-g824d729ab1 (webtiles) character file.

Game seed: 18128984417387662107

2495 ces the Covert (level 9, -2/46 HPs)
             Began as a Spriggan Brigand on Nov 30, 2021.
             Was an Initiate of Gozag.
             Splashed by an acid dragon's acid (9 damage)
             ... on level 6 of the Dungeon.
             The game lasted 00:22:31 (10146 turns).

ces the Covert (Spriggan Brigand)                  Turns: 10146, Time: 00:22:32

Health: -2/46      AC:  3    Str: 19    XL:     9   Next: 28%
Magic:  16/16      EV: 22    Int: 14    God:    Gozag
Gold:   687        SH:  0    Dex: 20    Spells: 11/16 levels left

rFire    . . .     SeeInvis +   a - +4 dagger (venom)
rCold    . . .     Faith    .   (shield restricted)
rNeg     . . .     Spirit   .   b - +0 robe
rPois    .         Reflect  .   (helmet restricted)
rElec    .         Harm     .   c - +0 cloak
rCorr    .         Rampage  .   (gloves unavailable)
Will     +....                  (boots unavailable)
Stlth    +++++.....             (no amulet)
HPRegen  0.15/turn              t - +6 ring of strength
MPRegen  0.15/turn              s - ring "Oxkip" {Str+6 Int+2}

@: studying Dodging, very quick
A: very small, no large weapons, unfitting armour, see invisible, speed 3
a: Renounce Religion, Potion Petition, Call Merchant, Bribe Branch


You were on level 6 of the Dungeon.
You worshipped Gozag.
Gozag was pleased with you.
You visited 2 branches of the dungeon, and saw 11 of its levels.

You collected 752 gold pieces.
You paid 65 gold pieces to Gozag.

Inventory:

Hand Weapons
 a - a +4 dagger of venom (weapon)
Missiles
 d - 25 poisoned darts (quivered)
 k - 99 bolts
 n - 2 curare-tipped darts
Armour
 b - a +0 robe (worn)
 c - a +0 cloak (worn)
Jewellery
 p - a +4 ring of slaying
 q - a ring of positive energy
 s - the ring "Oxkip" (right hand) {Str+6 Int+2}
   (You found it on level 6 of the Dungeon)

   [ring of strength]

   Str:       It affects your strength (+6).
   Int:       It affects your intelligence (+2).
 t - a +6 ring of strength (left hand)
Wands
 e - a wand of flame (20)
 r - a wand of iceblast (8)
Scrolls
 f - a scroll of fog
 h - 2 scrolls of teleportation
Potions
 g - 2 potions of might
 j - a potion of attraction
 o - 3 potions of flight


   Skills:
 + Level 4.4 Fighting
 + Level 5.9 Short Blades
 - Level 2.0 Throwing
 + Level 7.5 Dodging
 * Level 12.1 Stealth
 + Level 4.4 Spellcasting
 + Level 0.0 Translocations
 + Level 4.9 Transmutations
 + Level 0.0 Evocations


You had 11 spell levels left.
You knew the following spells:

 Your Spells              Type           Power      Damage    Failure   Level
a - Wereblood             Tmut           16%        N/A       3%          2
b - Teleport Other        Tloc           3%         N/A       50%         3

Your spell library contained the following spells:

 Spells                   Type           Power      Damage    Failure   Level
 Beastly Appendage        Tmut           32%        N/A       2%          1
 Spider Form              Tmut/Pois      4%         N/A       21%         3
 Gell's Gravitas          Tloc           1%         N/A       50%         3
 Inner Flame              Hex/Fire       3%         N/A       50%         3
 Lesser Beckoning         Tloc           1%         N/A       50%         3
 Petrify                  Tmut/Erth      9%         N/A       56%         4
 Cause Fear               Hex            1%         N/A       88%         4
 Metabolic Englaciation   Hex/Ice        1%         N/A       99%         5
 Statue Form              Tmut/Erth      6%         N/A       100%        6
 Discord                  Hex            1%         N/A       100%        8


Dungeon Overview and Level Annotations

Branches:
Dungeon (10/15)            Temple (1/1) D:5
   Lair: D:8-11         Orc: D:9-12

Altars:
Ashenzari
Cheibriados
Dithmenos
Elyvilon
Fedhas
Gozag
Hepliaklqana
Kikubaaqudgha
Makhleb
Nemelex Xobeh
Qazlal
Ru
Sif Muna
Trog
Uskayaw
Vehumet
Yredelemnul
Zin

Annotations:
D:4 exclusion: statue


Innate Abilities, Weirdness & Mutations

You are very small and have problems with some larger weapons.
You are too small for most types of armour.
You have supernaturally acute eyesight. (SInv)
You cover ground extremely quickly. (Speed+++)


Message History

Where to? (Enter - D:5, ? - help)
What level of the Dungeon? (default 1, ? - help)
There is a stone staircase leading down here.
You climb downwards.
There is a stone staircase leading up here.
A phantom is nearby!
Aiming: Mindburst
Press: ? - help, Shift-Dir - straight line, f - phantom
Aim: a phantom (wandering, hasn't noticed you, chance to affect: 48%)
The phantom resists with some effort.
Aiming: Mindburst
Press: ? - help, Shift-Dir - straight line, f/p - phantom
Aim: a phantom (chance to affect: 48%)
The phantom resists with some effort.
The acid dragon roars!
The now-empty wand crumbles to dust.
You don't have any such object.
Evoke which item? (* to show all) (? for menu, Esc to quit)
You don't have any such object.
Evoke which item? (* to show all) (? for menu, Esc to quit)
Okay, then.
Aiming: Throw Flame
Press: ? - help, Shift-Dir - straight line, f/p - phantom
Aim: a phantom (56% to hit)
The puff of flame hits the phantom.
The phantom is lightly damaged.
The phantom barely misses you. The acid dragon spits acid at you.
The splash of acid hits you.
You are splashed with acid!
The phantom hits you!
The phantom blinks!
You blink.
You stop ascending the stairs.
You start resting.
An acid dragon is nearby!
An acid dragon is nearby!
The acid dragon spits acid at you. The splash of acid hits you!
* * * LOW HITPOINT WARNING * * *
You are splashed with acid!
You die...
Your body crumbles into a pile of gold.

#.#.#.#.#.#.#.#.# #.....#.#####..
#########..########.....#...Y.(..
#.>.............#######..
#.############### #.. #.# ### #.#
# #.# # #D#######################
#.......@............z...
#########################


You could see an acid dragon (catching breath).

Vanquished Creatures
  Joseph (D:9)
  A troll (D:9)
  A shadow (D:9)
  A wyvern (D:7)
  A sky beast (D:6)
  4 black bears
  3 ogres
  3 centaurs
  A bullfrog (D:6)
  2 scorpions
  An electric eel (D:10)
  3 hounds
  An orc priest (D:4)
  A centaur skeleton (D:4)
  3 orc wizards
  Natasha (twice) (D:2)
  A hound skeleton (D:4)
  A howler monkey zombie (D:6)
  7 adders
  3 gnolls
  A howler monkey skeleton (D:5)
  An ufetubus (Temple)
  2 adder skeletons (D:4)
  A worm (D:3)
  A dart slug (D:2)
  22 orcs
  6 endoplasms
  2 giant cockroaches
  5 goblins
  8 hobgoblins
  6 jackals
  6 quokkas
  4 ball pythons
  6 bats
  7 frilled lizards
  2 kobolds
  2 rats (D:1)
123 creatures vanquished.

Vanquished Creatures (others)
  2 fungi (D:6)
  6 plants
8 creatures vanquished.

Grand Total: 131 creatures vanquished

Notes
Turn   | Place    | Note
-------+----------+-------------------------------------------
     0 | D:1      | ces the Spriggan Brigand began the quest for the Orb.
     0 | D:1      | Reached XP level 1. HP: 10/10 MP: 2/2
   104 | D:1      | Reached skill level 6 in Stealth
   460 | D:1      | Reached XP level 2. HP: 12/15 MP: 3/3
  1417 | D:1      | Reached XP level 3. HP: 18/18 MP: 4/4
  1838 | D:2      | Found a broken altar of Ashenzari.
  2212 | D:2      | Noticed Natasha
  2219 | D:2      | Killed Natasha
  2220 | D:2      | Reached skill level 7 in Stealth
  2220 | D:2      | Reached XP level 4. HP: 23/23 MP: 5/5
  2337 | D:2      | Found a faded altar of an unknown god.
  2540 | D:2      | Noticed Natasha
  2553 | D:2      | HP: 1/23 [Natasha/magic dart (8)]
  2556 | D:2      | Killed Natasha
  3317 | D:3      | Reached XP level 5. HP: 27/27 MP: 6/6
  3740 | D:3      | Reached skill level 8 in Stealth
  3792 | D:4      | Noticed a black bear
  3987 | D:4      | Killed a black bear
  3988 | D:4      | Reached XP level 6. HP: 32/32 MP: 7/7
  4097 | D:5      | Entered Level 5 of the Dungeon
  4121 | D:5      | Found a staircase to the Ecumenical Temple.
  4133 | Temple   | Entered the Ecumenical Temple
  4209 | Temple   | Became a worshipper of Gozag Ym Sagoz the Greedy
  4944 | D:5      | Found a blossoming altar of Fedhas.
  5384 | D:4      | Found a hazy altar of Hepliaklqana.
  5403 | D:4      | Learned a level 2 spell: Wereblood
  5406 | D:4      | Reached skill level 9 in Stealth
  5497 | D:4      | Found a bloodstained altar of Trog.
  5527 | D:4      | Reached skill level 1 in Spellcasting
  5527 | D:4      | Reached skill level 1 in Transmutations
  5527 | D:4      | Reached XP level 7. HP: 35/36 MP: 7/9
  5709 | D:4      | Found a radiant altar of Vehumet.
  5998 | D:4      | Reached skill level 10 in Stealth
  6327 | D:5      | Reached skill level 5 in Dodging
  6492 | D:6      | Reached XP level 8. HP: 40/40 MP: 12/12
  6537 | D:6      | Reached skill level 5 in Short Blades
  6890 | D:6      | Reached skill level 11 in Stealth
  7608 | D:6      | Identified the ring "Oxkip" {Str+6 Int+2}
  8178 | D:8      | Noticed a centaur warrior
  8187 | D:8      | HP: 2/42 [centaur warrior (7)]
  8605 | D:9      | Noticed a troll
  8611 | D:9      | Killed a troll
  8646 | D:9      | Noticed a centaur warrior
  8653 | D:10     | Entered Level 10 of the Dungeon
  8910 | D:10     | Noticed a centaur warrior
  8952 | D:10     | Identified the +1 ring mail of Negation {Fly rElec Str-5}
  8980 | D:10     | Found a white marble altar of Elyvilon.
  9161 | D:9      | Reached XP level 9. HP: 45/45 MP: 14/16
  9182 | D:9      | Noticed Joseph
  9189 | D:9      | Killed Joseph
  9190 | D:9      | Reached skill level 12 in Stealth
  9218 | D:9      | Found a broken altar of Ashenzari.
  9402 | D:9      | Noticed a deep elf pyromancer
  9426 | D:8      | Learned a level 3 spell: Teleport Other
 10146 | D:6      | Splashed by an acid dragon's acid

Illustrated notes

Levels and vault maps discovered:
D:1:      ebering_hopf_link, layout_loops_cross
D:2:      layout_loops_corners, basic_altar, serial_rivers,
          chequers_serial_rivers_room_a, chequers_serial_rivers_micro_e,
          chequers_serial_rivers_marsh, chequers_serial_rivers_marsh,
          chequers_serial_rivers_micro_e, chequers_ecumenical_altar_grove,
          uniq_natasha
D:3:      layout_rooms, feat_on_display
D:4:      layout_basic, mainiacjoe_overflow_brackets, trog_ov_bears_minmay,
          vehumet_statue
D:5:      black_bear_nest_2, layout_cave_pools, lemuel_crystal_altar,
          minmay_temple_entry_crystal_x, minmay_misc_feat_iff,
          guppyfry_early_lair_pool
D:6:      layout_basic, minmay_manual_mail, uniq_crazy_yiuf_cottage
D:7:      layout_gridville, lemuel_coloured_pillars_altar, kennysheep_little_box
D:8:      kennysheep_windowed_halls, layout_loops_ring
D:9:      layout_cave_pods, mainiacjoe_overflow_concentric_impassable,
          xom_redecorated, kb_rosetta, uniq_joseph
D:10:     minmay_the_grid_four_pointed_star_mashed
          [minmay_the_grid_triangle_9x9_swiss_cheese,
          minmay_the_grid_triangle_9x9_zippers_vertical,
          minmay_the_grid_triangle_9x9_wacky_v,
          minmay_the_grid_triangle_9x9_negative_grid,
          minmay_the_grid_prize_four_corners], layout_long_grid,
          nicolae_elyvilon_temple_path, nicolae_wu_jian_glorious_leap,
          special_room [special_room_orc], uniq_snorg
Temple:   nicolae_temple_x_marks_the_god

Skill      XL: |  1  2  3  4  5  6  7  8  9 |
---------------+----------------------------+-----
Stealth        | 6 7 8 9 10 11 12 | 12.1
Dodging        | 2 3 4 5 6 7 |  7.5
Fighting       | 2 3 4 |  4.4
Short Blades   | 3 4 5 |  5.9
Spellcasting   | 1 2 4 |  4.4
Transmutations | 1 2 4 |  4.9
Throwing       | |  2.0

Action                   |  1- 3 |  4- 6 |  7- 9 || total
-------------------------+-------+-------+-------++-------
Melee: Dagger            |    76 |   121 |   128 ||   325
Throw: Dart              |    39 |    63 |    36 ||   138
 Cast: Wereblood         |       |       |     1 ||     1
Evoke: Wand              |       |       |    15 ||    15
  Use: Scroll            |     4 |     6 |     8 ||    18
       Potion            |       |       |     4 ||     4
 Stab: Sleeping          |     9 |    14 |    12 ||    35
       Distracted        |       |     1 |       ||     1
Armor: Robe              |    13 |    26 |    14 ||    53
Dodge: Dodged            |    46 |   130 |   125 ||   301
